[ AOE2 MATCH · #508015102 ]
UnrankedSlavs vs Hindustanis
Player's team · LOSS
[ REPLAY ANALYSIS · EXTRACTED FROM THE RECORDED GAME ]
Feudal
11:45
Castle
25:31
Imperial
—
| APM avg | 86.5 |
| APM peak | 126 |
| eAPM avg | 38.3 |
| Villagers / military | 233 / 297 |
Focus
⚔️ 44.7% · 🌾 55.3%
Knight ×115 · Skirmisher ×112 · Spearman ×31 · Mangonel ×25 · Monk ×11 · Militia ×3
Feudal
8:51
Castle
21:07
Imperial
40:16
| APM avg | 113.3 |
| APM peak | 251 |
| eAPM avg | 49.8 |
| Villagers / military | 209 / 152 |
Focus
⚔️ 62.3% · 🌾 37.7%
Cavalry Archer ×48 · Ghulam ×41 · Scout Cavalry ×37 · Archer ×14 · Monk ×4 · Trebuchet (Packed) ×4
Match map
Initial resources + every placement click. Lines = walls · curves = elevation contours. ◆ gold · ⬟ stone · ● berries · ✦ relic · ◌ wall gap
Your base· ✓ Closed at 25:31 · 54t walls · 1 gate(s)
Itz_Zenta's base· Open — 6t gap
Smoothed initial terrain · ◌ = detected wall gap · hover for details
Inputs per minute
— BSL | DOOMSTER - - Itz_Zenta
Build order — BSL | DOOMSTER
First 150 of 769 actions detected
| 0:00 | Queue | Villager (Male) |
| 0:00 | Queue | Villager (Male) |
| 0:01 | Queue | Villager (Male) |
| 0:01 | Queue | Villager (Male) |
| 0:01 | Queue | Villager (Male) |
| 0:02 | Build | House |
| 0:03 | Build | House |
| 1:26 | Queue | Villager (Male) |
| 1:27 | Queue | Villager (Male) |
| 1:36 | Queue | Villager (Male) |
| 1:36 | Queue | Villager (Male) |
| 1:46 | Build | Lumber Camp |
| 2:05 | Queue | Villager (Male) |
| 2:38 | Queue | Villager (Male) |
| 3:11 | Queue | Villager (Male) |
| 3:12 | Queue | Villager (Male) |
| 3:30 | Queue | Villager (Male) |
| 3:30 | Queue | Villager (Male) |
| 3:48 | Build | House |
| 4:01 | Queue | Villager (Male) |
| 4:02 | Queue | Villager (Male) |
| 4:10 | Queue | Villager (Male) |
| 4:11 | Queue | Villager (Male) |
| 4:35 | Build | Barracks |
| 4:39 | Queue | Villager (Male) |
| 4:39 | Queue | Villager (Male) |
| 5:01 | Queue | Villager (Male) |
| 5:02 | Queue | Villager (Male) |
| 5:02 | Queue | Villager (Male) |
| 5:24 | Build | House |
| 5:30 | Queue | Militia |
| 5:30 | Queue | Militia |
| 5:39 | Queue | Villager (Male) |
| 5:39 | Queue | Villager (Male) |
| 5:42 | Queue | Militia |
| 6:02 | Build | Mill |
| 6:10 | Queue | Villager (Male) |
| 6:11 | Queue | Villager (Male) |
| 6:23 | Queue | Villager (Male) |
| 6:23 | Queue | Villager (Male) |
| 6:32 | Build | Palisade Wall |
| 6:34 | Build | Palisade Wall |
| 6:54 | Queue | Villager (Male) |
| 6:54 | Queue | Villager (Male) |
| 7:09 | Queue | Villager (Male) |
| 7:09 | Queue | Villager (Male) |
| 7:11 | Build | Mill |
| 7:15 | Build | Palisade Wall |
| 7:17 | Build | Palisade Wall |
| 7:20 | Queue | Villager (Male) |
| 7:21 | Queue | Villager (Male) |
| 7:25 | Build | Palisade Wall |
| 7:26 | Build | Palisade Wall |
| 7:55 | Queue | Villager (Male) |
| 7:57 | Build | Palisade Wall |
| 8:00 | Build | Palisade Wall |
| 8:17 | Queue | Villager (Male) |
| 9:03 | Queue | Villager (Male) |
| 9:05 | Research | Loom |
| 9:18 | Build | Palisade Wall |
| 9:23 | Research | Feudal Age |
| 9:23 | Research | Feudal Age |
| 10:27 | Build | Palisade Wall |
| 10:29 | Build | Palisade Wall |
| 10:39 | Build | House |
| 11:04 | Build | House |
| 11:20 | Build | House |
| 11:25 | Queue | Villager (Male) |
| 11:45 | Age | Feudal Age |
| 11:46 | Queue | Villager (Male) |
| 11:50 | Build | Archery Range |
| 11:52 | Build | Blacksmith |
| 11:59 | Research | Double-Bit Axe |
| 12:13 | Build | Watch Tower |
| 12:20 | Queue | Skirmisher |
| 12:20 | Queue | Skirmisher |
| 12:30 | Queue | Villager (Male) |
| 12:37 | Queue | Villager (Male) |
| 12:39 | Queue | Skirmisher |
| 12:51 | Queue | Villager (Male) |
| 12:56 | Research | Horse Collar |
| 12:59 | Build | Farm |
| 13:04 | Build | Farm |
| 13:06 | Queue | Villager (Male) |
| 13:21 | Queue | Villager (Male) |
| 13:24 | Queue | Skirmisher |
| 13:30 | Queue | Skirmisher |
| 13:31 | Queue | Spearman |
| 13:32 | Queue | Villager (Male) |
| 13:34 | Build | Farm |
| 13:37 | Queue | Villager (Male) |
| 13:42 | Queue | Skirmisher |
| 13:44 | Queue | Villager (Male) |
| 13:56 | Queue | Skirmisher |
| 14:01 | Research | Fletching |
| 14:01 | Research | Fletching |
| 14:02 | Build | Farm |
| 14:11 | Build | Farm |
| 14:21 | Queue | Skirmisher |
| 14:25 | Queue | Spearman |
| 14:32 | Build | Farm |
| 14:34 | Build | Farm |
| 14:35 | Build | Farm |
| 14:50 | Queue | Villager (Male) |
| 14:50 | Queue | Villager (Male) |
| 14:58 | Build | Farm |
| 14:59 | Build | Farm |
| 15:08 | Queue | Villager (Male) |
| 15:08 | Queue | Villager (Male) |
| 15:25 | Queue | Villager (Male) |
| 15:27 | Build | Mining Camp |
| 15:31 | Research | Town Watch |
| 15:31 | Research | Town Watch |
| 15:34 | Queue | Spearman |
| 15:34 | Queue | Skirmisher |
| 15:38 | Build | House |
| 15:40 | Build | House |
| 15:47 | Build | Outpost |
| 15:50 | Queue | Villager (Male) |
| 15:55 | Queue | Skirmisher |
| 16:10 | Queue | Spearman |
| 16:15 | Queue | Villager (Male) |
| 16:18 | Build | Farm |
| 16:25 | Queue | Skirmisher |
| 16:31 | Build | House |
| 16:32 | Queue | Skirmisher |
| 16:34 | Queue | Spearman |
| 16:48 | Queue | Spearman |
| 16:52 | Queue | Villager (Male) |
| 16:59 | Queue | Skirmisher |
| 17:20 | Queue | Spearman |
| 17:21 | Queue | Skirmisher |
| 17:21 | Queue | Villager (Male) |
| 17:22 | Queue | Villager (Male) |
| 17:22 | Queue | Villager (Male) |
| 17:22 | Queue | Villager (Male) |
| 17:24 | Build | Farm |
| 17:24 | Build | Farm |
| 17:25 | Build | Farm |
| 17:27 | Queue | Skirmisher |
| 17:50 | Queue | Skirmisher |
| 18:04 | Queue | Skirmisher |
| 18:16 | Queue | Villager (Male) |
| 18:20 | Queue | Spearman |
| 18:24 | Queue | Skirmisher |
| 18:27 | Build | Archery Range |
| 18:40 | Queue | Villager (Male) |
| 18:41 | Queue | Spearman |
| 18:42 | Queue | Villager (Male) |
| 18:43 | Queue | Villager (Male) |
Build order — Itz_Zenta
First 150 of 608 actions detected
| 0:01 | Queue | Villager (Male) ×4 |
| 0:02 | Build | House |
| 0:03 | Build | House |
| 1:03 | Queue | Villager (Male) |
| 1:08 | Build | Mill |
| 1:39 | Queue | Villager (Male) |
| 1:40 | Queue | Villager (Male) |
| 2:04 | Queue | Villager (Male) |
| 2:46 | Queue | Villager (Male) |
| 2:53 | Queue | Villager (Male) |
| 2:53 | Queue | Villager (Male) |
| 3:18 | Queue | Villager (Male) |
| 3:41 | Queue | Villager (Male) |
| 3:41 | Queue | Villager (Male) |
| 3:54 | Queue | Villager (Male) |
| 3:56 | Build | House |
| 4:09 | Queue | Villager (Male) |
| 4:27 | Queue | Villager (Male) |
| 4:40 | Queue | Villager (Male) |
| 4:52 | Queue | Villager (Male) |
| 4:59 | Build | Lumber Camp |
| 5:16 | Queue | Villager (Male) |
| 5:20 | Queue | Villager (Male) |
| 5:48 | Research | Loom |
| 6:40 | Research | Feudal Age |
| 7:33 | Build | House |
| 7:53 | Build | Barracks |
| 8:02 | Build | House |
| 8:08 | Queue | Villager (Male) |
| 8:20 | Build | Palisade Wall |
| 8:26 | Queue | Villager (Male) |
| 8:27 | Build | Palisade Wall |
| 8:30 | Build | Palisade Wall |
| 8:34 | Build | Palisade Wall |
| 8:39 | Build | Palisade Wall |
| 8:51 | Age | Feudal Age |
| 8:54 | Build | Archery Range |
| 8:56 | Build | Palisade Wall |
| 8:58 | Queue | Spearman |
| 8:59 | Research | Double-Bit Axe |
| 9:00 | Queue | Villager (Male) |
| 9:10 | Build | House |
| 9:33 | Queue | Archer |
| 9:41 | Queue | Villager (Male) |
| 9:45 | Build | Palisade Wall |
| 9:50 | Build | Mining Camp |
| 9:58 | Queue | Villager (Male) |
| 10:05 | Build | House |
| 10:15 | Queue | Villager (Male) |
| 10:28 | Queue | Villager (Male) |
| 10:40 | Build | Mill |
| 10:44 | Queue | Archer |
| 10:44 | Queue | Archer |
| 10:48 | Queue | Villager (Male) |
| 11:00 | Queue | Villager (Male) |
| 11:15 | Queue | Villager (Male) |
| 11:26 | Build | Palisade Wall |
| 11:27 | Queue | Villager (Male) |
| 11:29 | Build | Palisade Wall |
| 11:30 | Build | Palisade Wall |
| 11:30 | Queue | Villager (Male) |
| 11:32 | Build | Palisade Wall |
| 11:33 | Build | Palisade Wall |
| 11:35 | Build | House |
| 11:37 | Build | Farm |
| 11:42 | Queue | Archer |
| 11:50 | Queue | Villager (Male) |
| 12:08 | Build | Blacksmith |
| 12:30 | Build | Farm |
| 12:32 | Queue | Archer |
| 12:48 | Queue | Villager (Male) |
| 12:53 | Queue | Archer |
| 12:58 | Build | Palisade Wall |
| 13:10 | Research | Fletching |
| 13:10 | Research | Fletching |
| 13:13 | Queue | Villager (Male) |
| 13:31 | Queue | Villager (Male) |
| 13:40 | Build | Farm |
| 13:44 | Build | House |
| 13:58 | Queue | Archer |
| 13:59 | Queue | Villager (Male) |
| 14:01 | Build | Farm |
| 14:18 | Queue | Villager (Male) |
| 14:18 | Build | House |
| 14:37 | Queue | Villager (Male) |
| 14:39 | Build | House |
| 14:41 | Build | Farm |
| 14:54 | Build | Stable |
| 15:02 | Queue | Villager (Male) |
| 15:14 | Build | Farm |
| 15:18 | Queue | Archer |
| 15:23 | Build | Palisade Wall |
| 15:23 | Build | Palisade Wall |
| 15:26 | Queue | Villager (Male) |
| 15:30 | Queue | Archer |
| 15:35 | Build | Palisade Wall |
| 15:36 | Build | Palisade Wall |
| 15:37 | Queue | Scout Cavalry |
| 15:38 | Queue | Scout Cavalry |
| 16:00 | Queue | Villager (Male) |
| 16:03 | Build | Farm |
| 16:04 | Build | Farm |
| 16:08 | Build | Farm |
| 16:16 | Build | Palisade Wall |
| 16:25 | Build | Farm |
| 16:38 | Queue | Villager (Male) |
| 16:47 | Queue | Archer |
| 16:48 | Queue | Scout Cavalry |
| 16:52 | Build | Farm |
| 17:15 | Build | House |
| 17:18 | Build | Farm |
| 17:20 | Build | Farm |
| 17:25 | Queue | Villager (Male) |
| 17:26 | Queue | Villager (Male) |
| 18:01 | Queue | Archer |
| 18:15 | Queue | Scout Cavalry |
| 18:16 | Queue | Archer |
| 18:25 | Build | Farm |
| 18:27 | Research | Castle Age |
| 18:55 | Build | Farm |
| 18:56 | Build | Farm |
| 18:57 | Research | Horse Collar |
| 19:16 | Research | Forging |
| 19:18 | Queue | Scout Cavalry |
| 19:35 | Build | Watch Tower |
| 20:00 | Research | Bloodlines |
| 20:01 | Research | Bloodlines |
| 20:19 | Queue | Villager (Male) |
| 20:28 | Queue | Villager (Male) |
| 20:40 | Build | Mining Camp |
| 20:43 | Build | Market |
| 20:53 | Queue | Villager (Male) |
| 21:07 | Age | Castle Age |
| 21:13 | Build | Siege Workshop |
| 21:22 | Queue | Villager (Male) |
| 21:28 | Build | Lumber Camp |
| 21:30 | Research | Light Cavalry (upgrade) |
| 21:31 | Research | Scale Barding Armor |
| 21:32 | Research | Scale Barding Armor |
| 21:45 | Queue | Villager (Male) |
| 21:49 | Queue | Archer |
| 22:02 | Queue | Villager (Male) |
| 22:54 | Queue | Villager (Male) |
| 22:55 | Queue | Mangonel |
| 22:59 | Build | Farm |
| 22:59 | Build | Farm |
| 23:04 | Queue | Archer |
| 23:06 | Queue | Cavalry Archer |
| 23:07 | Queue | Villager (Male) |
| 23:24 | Queue | Villager (Male) |
Match timeline
| 4:35 | BSL | DOOMSTER · first_building Barracks |
| 6:32 | BSL | DOOMSTER · wall_segment Palisade Wall x3 |
| 6:34 | BSL | DOOMSTER · wall_segment Palisade Wall x1 |
| 7:15 | BSL | DOOMSTER · wall_segment Palisade Wall x1 |
| 7:17 | BSL | DOOMSTER · wall_segment Palisade Wall x3 |
| 7:25 | BSL | DOOMSTER · wall_segment Palisade Wall x1 |
| 7:26 | BSL | DOOMSTER · wall_segment Palisade Wall x1 |
| 7:53 | Itz_Zenta · first_building Barracks |
| 7:57 | BSL | DOOMSTER · wall_segment Palisade Wall x1 |
| 8:00 | BSL | DOOMSTER · wall_segment Palisade Wall x8 |
| 8:20 | Itz_Zenta · wall_segment Palisade Wall x1 |
| 8:27 | Itz_Zenta · wall_segment Palisade Wall x1 |
| 8:30 | Itz_Zenta · wall_segment Palisade Wall x1 |
| 8:34 | Itz_Zenta · wall_segment Palisade Wall x1 |
| 8:39 | Itz_Zenta · wall_segment Palisade Wall x1 |
| 8:51 | Itz_Zenta · age_up feudal |
| 8:54 | Itz_Zenta · first_building Archery Range |
| 8:56 | Itz_Zenta · wall_segment Palisade Wall x1 |
| 9:18 | BSL | DOOMSTER · wall_segment Palisade Wall x9 |
| 9:45 | Itz_Zenta · wall_segment Palisade Wall x1 |
| 10:27 | BSL | DOOMSTER · wall_segment Palisade Wall x5 |
| 10:29 | BSL | DOOMSTER · wall_segment Palisade Wall x13 |
| 11:26 | Itz_Zenta · wall_segment Palisade Wall x1 |
| 11:29 | Itz_Zenta · wall_segment Palisade Wall x1 |
| 11:30 | Itz_Zenta · wall_segment Palisade Wall x1 |
| 11:32 | Itz_Zenta · wall_segment Palisade Wall x1 |
| 11:33 | Itz_Zenta · wall_segment Palisade Wall x1 |
| 11:45 | BSL | DOOMSTER · age_up feudal |
| 11:50 | BSL | DOOMSTER · first_building Archery Range |
| 12:58 | Itz_Zenta · wall_segment Palisade Wall x1 |
| 14:54 | Itz_Zenta · first_building Stable |
| 15:23 | Itz_Zenta · wall_segment Palisade Wall x4 |
| 15:23 | Itz_Zenta · wall_segment Palisade Wall x1 |
| 15:35 | Itz_Zenta · wall_segment Palisade Wall x4 |
| 15:36 | Itz_Zenta · wall_segment Palisade Wall x12 |
| 16:16 | Itz_Zenta · wall_segment Palisade Wall x1 |
| 21:07 | Itz_Zenta · age_up castle |
| 21:13 | Itz_Zenta · first_building Siege Workshop |
| 21:21 | Itz_Zenta · first_market_sell 100 wood |
| 21:29 | BSL | DOOMSTER · wall_segment Palisade Wall x1 |
| 21:30 | BSL | DOOMSTER · wall_segment Palisade Wall x1 |
| 21:35 | BSL | DOOMSTER · wall_segment Palisade Wall x1 |
| 21:36 | BSL | DOOMSTER · wall_segment Palisade Wall x1 |
| 22:31 | BSL | DOOMSTER · wall_segment Palisade Wall x1 |
| 23:12 | BSL | DOOMSTER · wall_segment Stone Wall x1 |
| 23:30 | Itz_Zenta · wall_segment Palisade Wall x1 |
| 23:33 | Itz_Zenta · wall_segment Palisade Wall x1 |
| 23:34 | BSL | DOOMSTER · wall_segment Palisade Wall x1 |
| 23:43 | BSL | DOOMSTER · wall_segment Stone Wall x1 |
| 23:43 | BSL | DOOMSTER · wall_segment Stone Wall x1 |
| 25:02 | BSL | DOOMSTER · first_building Stable |
| 25:09 | Itz_Zenta · first_building Monastery |
| 25:31 | BSL | DOOMSTER · age_up castle |
| 25:39 | BSL | DOOMSTER · first_building Monastery |
| 27:10 | BSL | DOOMSTER · first_building Siege Workshop |
| 28:38 | Itz_Zenta · wall_segment Palisade Wall x1 |
| 28:39 | Itz_Zenta · wall_segment Palisade Wall x1 |
| 29:26 | BSL | DOOMSTER · first_market_sell 100 stone |
| 29:27 | BSL | DOOMSTER · first_market_buy 100 wood |
| 32:04 | Itz_Zenta · first_building Castle |
| 32:48 | Itz_Zenta · wall_segment Palisade Wall x1 |
| 40:16 | Itz_Zenta · age_up imperial |
| 41:48 | Itz_Zenta · first_market_buy 100 food |
| 47:18 | BSL | DOOMSTER · first_building Castle |
| 48:21 | BSL | DOOMSTER · wall_segment Stone Wall x11 |
| 48:25 | BSL | DOOMSTER · wall_segment Stone Wall x6 |
| 48:28 | BSL | DOOMSTER · wall_segment Stone Wall x5 |
| 48:29 | BSL | DOOMSTER · wall_segment Stone Wall x4 |
| 56:25 | BSL | DOOMSTER · resign |
[ AI ANALYSIS · 1 CREDIT ]
What really happened in this match?
Wolo.gg analyzes every decision: build order, eco, micro, common mistakes by bracket. Personalized analysis on WhatsApp or Discord in 30 seconds.
Civ guide
Slavs
Perfil
Jugador #1835774